AoeStats
← Rattack

Nomad

509428841Analyzed
2v2 RM · 7d ago on Sep 26, 2026· 34m 21s· 4 players
Game mode
Random Map
Map size
176×176
Population
200
Speed
Normal
Resources
Standard
Victory
Conquest
Starting age
Dark Age
Ending age
Imperial Age
RankedLock teamsTeams togetherTeam positionsShared explorationLock speedFull tech treeHidden civsTurbo modeCheats
Victory
Defeat
🇫🇮 Berbers · Finland
1450
+10
🇫🇮 Varangians · Finland
1404
+12
🇹🇼 Malians · Taiwan
1348
-12
🇺🇸 Persians · United States
1295
-10
Farmer Ta
11:18 Loom
13:40 Feudal Age
18:03 Castle Age
17:12 Double-Bit Axe
17:52 Scale Barding Armor
18:46 Bow Saw
28:42 Ballistics
28:59 Elite Skirmisher
32:07 Wheelbarrow
33:42 Bloodlines
yunsung621
13:00 Feudal Age
17:26 Castle Age
18:13 Forging
18:06 Double-Bit Axe
21:37 Loom
28:30 Scale Mail Armor
Rattack
6:59 Loom
12:39 Feudal Age
16:15 Castle Age
15:44 Double-Bit Axe
18:11 Fletching
20:21 Bodkin Arrow
21:08 Husbandry
23:44 Bloodlines
26:41 Ballistics
27:19 Bow Saw
kummisetä
4:27 Loom
12:59 Feudal Age
13:03 Man-at-Arms
16:20 Wheelbarrow
17:01 Fletching
21:55 Castle Age
22:46 Forging
22:44 Double-Bit Axe
22:41 Horse Collar
24:43 Scale Barding Armor
27:30 Chain Barding Armor
29:59 Iron Casting
Connection lost

Rejoining the realm…

Still unreachable

The connection could not be restored.

Session expired

The server has moved on; the page needs a fresh start.